 Dungeon Crawl Stone Soup version 0.25-a0-517-gf8b3a32422 (webtiles) character file.

Game seed: 4038619655042448329, levelgen mode: classic

8860 EnegeticOcto the Cleaver (level 11, -6/104 HPs)
             Began as a Deep Dwarf Fighter on Feb 17, 2020.
             Was a Priest of Makhleb.
             Killed from afar by Frances (17 damage)
             ... with an iron shot
             ... on level 12 of the Dungeon.
             The game lasted 00:05:43 (8385 turns).

EnegeticOcto the Cleaver (Deep Dwarf Fighter)       Turns: 8385, Time: 00:05:44

Health: -6/104     AC: 18    Str: 22    XL:     11   Next: 15%
Magic:  11/11      EV: 13    Int: 10    God:    Makhleb [***...]
Gold:   55         SH: 11    Dex: 12    Spells: 10/10 levels left

rFire    . . .     SeeInvis .   a - +1 war axe
rCold    . . .     Gourm    .   c - +0 kite shield
rNeg     . . .     Faith    .   s - +2 chain mail {rPois}
rPois    +         Spirit   .   x - +2 helmet
rElec    .         Reflect  .   i - +0 cloak
rCorr    .         Harm     .   F - +1 pair of gloves {archery}
MR       +....                  h - +1 pair of boots
Stlth    ..........             (no amulet)
HPRegen  0.00/turn              G - +4 ring of evasion
MPRegen  0.12/turn              q - ring of poison resistance

@: non-regenerating, lightly drained
A: damage resistance, heal wounds, hooves 1, deformed body, sense surroundings
2, no regeneration
a: Heal Wounds, Minor Destruction, Lesser Servant of Makhleb, Renounce Religion


You were on level 12 of the Dungeon.
You worshipped Makhleb.
Makhleb was most pleased with you.
You were not hungry.

You visited 2 branches of the dungeon, and saw 13 of its levels.

You collected 569 gold pieces.
You spent 514 gold pieces at shops.

Inventory:

Hand Weapons
 a - a +1 war axe (weapon)
Armour
 c - a +0 kite shield (worn)
 h - a +1 pair of boots (worn)
 i - a +0 cloak (worn)
 s - a +2 chain mail of poison resistance (worn)
 x - a +2 helmet (worn)
 F - a +1 pair of gloves of archery (worn)
Jewellery
 q - a ring of poison resistance (right hand)
 r - an uncursed ring of positive energy
 G - a +4 ring of evasion (left hand)
Wands
 u - a wand of polymorph (11)
 y - a wand of paralysis (1)
 B - a wand of iceblast (8)
Scrolls
 f - 6 scrolls of teleportation {@r2}
 l - 4 scrolls of identify {@r1}
 p - 4 scrolls of enchant armour
 w - 2 scrolls of immolation {@r4}
 A - 2 scrolls of remove curse {@r6}
 C - 2 scrolls of brand weapon
 D - 2 scrolls of enchant weapon
 H - a scroll of torment {unknown}
Potions
 b - a potion of mutation
 d - 2 potions of magic
 g - a potion of ambrosia
 j - 2 potions of curing {@q1}
 k - 3 potions of might {@q3}
 m - a potion of lignification {@q7}
 n - 2 potions of haste {@q4}
 t - 2 potions of agility
 v - a potion of brilliance
 z - a potion of heal wounds {@q2}
 E - a potion of flight
Comestibles
 e - 15 rations


   Skills:
 * Level 8.7(8.6) Fighting
 * Level 10.1(9.9) Axes
 + Level 7.6(7.5) Armour
 + Level 6.6(6.5) Dodging
 + Level 7.5(7.3) Shields
 + Level 6.8(6.7) Invocations


You had 10 spell levels left.
You didn't know any spells.
Your spell library contained the following spells:

 Spells                   Type           Power        Failure   Level  Hunger
 Corona                   Hex            #......      100%        1    ##.....
 Magic Dart               Conj           #...         100%        1    ##.....
 Shock                    Conj/Air       #...         100%        1    ##.....
 Ensorcelled Hibernation  Hex/Ice        #.....       100%        2    ###....
 Searing Ray              Conj           #.....       100%        2    ###....
 Swiftness                Chrm/Air       #.......     100%        2    ###....
 Confusing Touch          Hex            #.......     100%        3    ####...
 Dazzling Flash           Conj/Hex       #.....       100%        3    ####...
 Gell's Gravitas          Tloc           #.........   100%        3    ####...
 Static Discharge         Conj/Air       #.......     100%        3    ####...
 Tukima's Dance           Hex            #.......     100%        3    ####...
 Airstrike                Air            #.........   100%        4    #####..
 Fulminant Prism          Conj/Hex       #.........   100%        4    #####..
 Iskenderun's Mystic Bla  Conj/Tloc      #.......     100%        4    #####..
 Petrify                  Tmut/Erth      #.......     100%        4    #####..
 Lightning Bolt           Conj/Air       #.........   100%        5    ######.
 Metabolic Englaciation   Hex/Ice        #.........   100%        5    ######.
 Yara's Violent Unravell  Hex/Tmut       #.........   100%        5    ######.


Dungeon Overview and Level Annotations

Branches:
Dungeon (12/15)            Temple (1/1) D:5            Lair (0/6) D:9
    Orc: D:9-12

Altars:
Ashenzari
Cheibriados
Dithmenos
Elyvilon
Fedhas
Gozag
Hepliaklqana
Kikubaaqudgha
Makhleb
Nemelex Xobeh
Okawaru
Qazlal
Ru
Sif Muna
Vehumet
Wu Jian
Xom
The Shining One

Shops:
D:9 ?   D:11 *

Annotations:
D:2 exclusion: oklob plant
D:5 Prince Ribbit
D:12 Frances


Innate Abilities, Weirdness & Mutations

You are resistant to damage.
You can heal yourself by infusing magical energy.
You passively map the area around you.
You do not regenerate.
You have large cloven feet.
Armour fits poorly on your strangely shaped body.


Message History

* * * LOW HITPOINT WARNING * * *
Your smoke demon closely misses the ice devil.
Your smoke demon hits the ice devil but does no damage.
Your smoke demon barely misses the ice devil.
Your smoke demon hits the ice devil.
Your smoke demon closely misses the ice devil. x2
The red devil closely misses you.
You are too injured to fight recklessly!
You are too injured to fight recklessly!
You are too injured to fight recklessly!
You are too injured to fight recklessly!
You are too injured to fight recklessly!
You feel much better. Frances barely misses you.
The ice devil hits your smoke demon!
The ice devil freezes your smoke demon!!
Frances mutters in a terrible tongue.
The shard of ice misses you.
The shard of ice hits your smoke demon!!
Your smoke demon dies!
Your smoke demon hits the ice devil but does no damage.
Your smoke demon hits the ice devil.
The ice devil dies!
You feel much better. You block the red devil's attack.
Frances barely misses you.
You feel much better. Frances hits you with a +0 mace!
The red devil hits you but does no damage.
You slash Frances!
Frances is heavily wounded.
Frances hits you with a +0 mace. You block the red devil's attack.
Frances hits you but does no damage.
Your smoke demon hits the red devil.
Your smoke demon hits the red devil but does no damage.
Your smoke demon completely misses the red devil.
You hit Frances.
Frances is heavily wounded.
You block the red devil's attack.
Frances mutters in a terrible tongue.
You block the iron shot.
Your smoke demon hits the red devil. x3
You slash Frances!
Frances is heavily wounded.
You block Frances's attack. The red devil barely misses you.
Your smoke demon misses the red devil.
Your smoke demon completely misses the red devil.
Your smoke demon hits the red devil but does no damage.
Frances chants phrases taken from a devil's mouth.
You hit Frances but do no damage.
Frances is heavily wounded.
Frances hits you with a +0 mace! The red devil misses you.
Your smoke demon gestures at the red devil.
The red devil is smitten.
You barely miss Frances.
Frances is heavily wounded.
You hit the chaos spawn.
Frances mutters in a terrible tongue.
The red devil barely misses you.
Your smoke demon hits the red devil.
Your smoke demon misses the red devil.
Your smoke demon hits the red devil.
The chaos spawn closely misses you. Frances barely misses you.
You slash Frances!
Frances is heavily wounded.
You barely miss the chaos spawn.
The red devil hops backward while attacking.
The red devil hits your smoke demon from afar with a +0 trident!
Frances screams a word of power!
The shard of ice hits you! You block the chaos spawn's attack.
You slash Frances!
Frances is severely wounded.
You hit the neqoxec but do no damage. You hit the chaos spawn.
Frances hits you but does no damage.
Your smoke demon barely misses the red devil.
Your smoke demon misses the red devil.
Your smoke demon hits the red devil but does no damage.
The red devil hops backward while attacking.
The red devil closely misses your smoke demon.
The chaos spawn misses you. Frances misses you. The neqoxec barely misses you.
You barely miss Frances.
Frances is severely wounded.
You slash the neqoxec! You hit the chaos spawn. The chaos spawn hits you!
The chaos spawn freezes you! You block Frances's attack.
The red devil hits your smoke demon but does no damage.
The neqoxec barely misses you.
You closely miss Frances.
Frances is severely wounded.
You hit the chaos spawn. You barely miss the neqoxec.
The red devil disappears in a puff of smoke!
You block Frances's attack.
Your smoke demon gestures at Frances.
Frances is smitten.
You block the chaos spawn's attack. The neqoxec gestures at you.
Strange energies course through your body.
Your body twists and deforms.
You hit Frances but do no damage.
Frances is severely wounded.
You hit the neqoxec. You closely miss the chaos spawn.
Frances is no longer moving quickly.
Frances chants phrases taken from a devil's mouth.
The shard of ice hits you!!
* * * LOW HITPOINT WARNING * * *
The chaos spawn barely misses you.
Frances screams a word of power!
The iron shot hits you!!
You die...

.........# * * , , ,
.........# ##'####### *
, ,,,,, #..# + * ##.##
, * #.[# ###+##### **
###'###### #......<# *
#........####...4..!# *
,,,
#........#..'..@@...#,
*
#.^......#.##..33...+,*
* #........#.##.......#
*
#........'.##....ยง..#
, #........############
#........# * ##########


You could see Frances, a neqoxec, a chaos spawn and a friendly smoke demon.

Vanquished Creatures
  Harold (D:10)
  The ghost of Nefarium the Destroyer, a novice DECj of Vehumet (D:7)
  Psyche (D:8)
  A hippogriff (D:8)
  A vampire (D:7)
  A wraith (D:7)
  Eustachio (D:4)
  7 yaks
  Menkaure (D:6)
  2 water moccasins
  2 orc warriors (D:9)
  2 ice beasts
  A black bear (D:7)
  A sky beast (D:9)
  7 ogres
  4 phantoms
  6 centaurs
  A crocodile (D:11)
  A big kobold (D:8)
  3 bullfrogs
  A gnoll sergeant (D:7)
  4 scorpions
  6 killer bees (D:11)
  7 wights
  An electric eel (D:9)
  4 crimson imps
  2 bullfrog zombies
  2 bullfrog skeletons (D:5)
  A centaur skeleton (D:10)
  2 orc priests
  3 hounds
  An iguana (D:6)
  A jelly (D:11)
  8 worker ants
  8 orc wizards
  A hound skeleton (D:7)
  A mummy (D:4)
  2 worker ant zombies
  16 adders
  3 gnolls (D:7)
  4 shadow imps
  A howler monkey simulacrum (D:7)
  An ooze (D:6)
  4 adder skeletons
  An adder zombie (D:9)
  A dart slug (D:3)
  6 leopard geckos
  17 orcs
  A ball python (D:3)
  5 bats
  3 giant cockroaches
  2 goblins
  5 hobgoblins
  11 kobolds
  6 quokkas
  4 frilled lizards
  A hobgoblin zombie (D:4)
  A leopard gecko zombie (D:6)
  3 orc zombies (D:4)
  A quokka skeleton (D:4)
  5 rats
  A fungus (D:9)
203 creatures vanquished.

Vanquished Creatures (collateral kills)
  3 skeletal warriors (D:11)
  A worker ant (D:11)
4 creatures vanquished.

Grand Total: 207 creatures vanquished

Notes
Turn   | Place    | Note
-------+----------+-------------------------------------------
     0 | D:1      | EnegeticOcto the Deep Dwarf Fighter began the quest for the
                  | Orb.
     0 | D:1      | Reached XP level 1. HP: 20/20 MP: 1/1
   732 | D:2      | Reached XP level 2. HP: 24/27 MP: 2/2
   935 | D:2      | Reached XP level 3. HP: 30/34 MP: 3/3
  1083 | D:2      | Found a blossoming altar of Fedhas.
  1096 | D:2      | Noticed an oklob plant
  1332 | D:2      | Reached skill level 1 in Dodging
  1553 | D:3      | Reached skill level 3 in Axes
  1630 | D:3      | Found a shadowy altar of Dithmenos.
  1641 | D:3      | Reached XP level 4. HP: 35/42 MP: 4/4
  1657 | D:3      | Found a stormy altar of Qazlal.
  1949 | D:3      | Reached XP level 5. HP: 34/49 MP: 5/5
  2404 | D:4      | Reached skill level 4 in Axes
  2506 | D:4      | Noticed Eustachio
  2583 | D:4      | Killed Eustachio
  2583 | D:4      | Reached XP level 6. HP: 52/57 MP: 5/5
  2863 | D:5      | Entered Level 5 of the Dungeon
  2898 | D:5      | Gained mutation: You are dopey. (Int -2) [potion of
                  | mutation]
  2898 | D:5      | Gained mutation: You passively map the area around you.
                  | [potion of mutation]
  2898 | D:5      | Lost mutation: You are dopey. (Int -2) [potion of mutation]
  2898 | D:5      | Gained mutation: You have large cloven feet. [potion of
                  | mutation]
  2913 | D:5      | Reached XP level 7. HP: 51/66 MP: 6/6
  2985 | D:5      | Found a staircase to the Ecumenical Temple.
  2998 | D:5      | Reached skill level 5 in Axes
  3011 | Temple   | Entered the Ecumenical Temple
  3139 | Temple   | Became a worshipper of Makhleb the Destroyer
  3432 | D:5      | Noticed Prince Ribbit
  3451 | D:5      | Reached skill level 1 in Invocations
  3626 | D:5      | Reached skill level 5 in Fighting
  3730 | D:5      | Reached skill level 5 in Armour
  3853 | D:6      | Reached XP level 8. HP: 29/74 MP: 8/8
  4055 | D:6      | Reached skill level 6 in Axes
  4055 | D:6      | Reached skill level 5 in Shields
  4064 | D:6      | Noticed Menkaure
  4067 | D:6      | Found an ornate altar of the Wu Jian Council.
  4079 | D:6      | Killed Menkaure
  4314 | D:6      | Found a white marble altar of Elyvilon.
  4321 | D:6      | Found an iron altar of Okawaru.
  4509 | D:7      | Reached * piety under Makhleb
  4725 | D:7      | Found a transporter.
  4779 | D:7      | Found a transporter.
  4780 | D:7      | Noticed Nefarium's ghost (novice DECj)
  4917 | D:7      | Reached skill level 7 in Axes
  4917 | D:7      | Mutation became permanent: You passively map a small area
                  | around you. [Deep Dwarf growth]
  4917 | D:7      | Gained mutation: You passively map the area around you.
                  | [Deep Dwarf growth]
  4917 | D:7      | Reached XP level 9. HP: 81/82 MP: 9/9
  5250 | D:7      | Killed Nefarium's ghost
  5337 | D:8      | Reached skill level 5 in Dodging
  5341 | D:8      | Reached ** piety under Makhleb
  5376 | D:8      | Noticed Psyche
  5399 | D:8      | Killed Psyche
  5399 | D:8      | Reached skill level 8 in Axes
  5473 | D:8      | Reached skill level 5 in Invocations
  5636 | D:8      | Reached XP level 10. HP: 94/94 MP: 11/11
  6219 | D:9      | Found Puzued's Magic Scroll Emporium.
  6235 | D:9      | Bought a scroll of brand weapon for 260 gold pieces
  6235 | D:9      | Bought a scroll of enchant weapon for 97 gold pieces
  6449 | D:9      | Found a shimmering altar of Xom.
  6499 | D:9      | Found a staircase to the Lair.
  6919 | D:10     | Entered Level 10 of the Dungeon
  7035 | D:10     | Noticed Harold
  7041 | D:10     | Found a white marble altar of Elyvilon.
  7049 | D:10     | Paralysed by Harold for 3 turns
  7062 | D:10     | Killed Harold
  7062 | D:10     | Reached skill level 9 in Axes
  7562 | D:11     | Reached *** piety under Makhleb
  7782 | D:11     | Found Zuuziel's Assorted Antiques.
  7790 | D:11     | Bought a scroll of enchant weapon for 157 gold pieces
  7831 | D:11     | Noticed a skeletal warrior
  7832 | D:11     | Noticed a skeletal warrior
  7843 | D:11     | Noticed a skeletal warrior
  7857 | D:11     | Killed a skeletal warrior
  7857 | D:11     | Reached XP level 11. HP: 70/104 MP: 11/13
  7871 | D:11     | Killed a skeletal warrior
  7871 | D:11     | Reached skill level 10 in Axes
  7882 | D:11     | Killed a skeletal warrior
  8337 | D:12     | Noticed Frances
  8384 | D:12     | Gained mutation: Armour fits poorly on your strangely
                  | shaped body. [a neqoxec]
  8385 | D:12     | Killed from afar by Frances

Levels and vault maps discovered:
D:1:      beargit_arrival_greenhouse, layout_loops_ring
D:2:      layout_basic, first_ration, tgw_fedhas
D:3:      layout_basic, old_standard_altar, nicolae_dithmenos_shadow_blocks
D:4:      layout_rooms, minmay_mini_ossuary, uniq_eustachio
D:5:      layout_loops_ring, minmay_temple_entry_mini_moons, uniq_prince_ribbit1
D:6:      layout_loops_ring, minitemple, uniq_menkaure
D:7:      layout_loops_cross, gammafunk_ghost_mausoleum,
          hangedman_decor_slide_cut
D:8:      layout_loops_cross, uniq_psyche
D:9:      layout_loops_corners, dpeg_oklobed_lair, kennysheep_diamond,
          grunt_pizzeria, xom_teletrap_fun
D:10:     layout_basic, basic_altar, uniq_harold
D:11:     layout_layer_cave, serial_shops, shop, hangedman_decor_riveting
D:12:     layout_roguey, erik_orc_4, uniq_frances
Temple:   hc_temple_tempest_star

Skill      XL: |  1  2  3  4  5  6  7  8  9 10 11 |
---------------+----------------------------------+-----
Fighting       | 3 4 5 6 7 8 |  8.7
Dodging        | 1 2 3 4 5 6 |  6.6
Axes           | 3 4 5 7 8 9 10 | 10.1
Armour         | 4 5 6 7 |  7.6
Shields        | 4 5 6 7 |  7.5
Invocations    | 1 3 5 6 |  6.8

Action                   |  1- 3 |  4- 6 |  7- 9 | 10-12 || total
-------------------------+-------+-------+-------+-------++-------
Melee: War axe           |    91 |   206 |   454 |   314 ||  1065
Invok: Lesser Servant of |       |       |       |     4 ||     4
 Abil: Heal Wounds       |       |     4 |    12 |    17 ||    33
  Use: Scroll            |       |    13 |     6 |     4 ||    23
       Potion            |       |     1 |       |       ||     1
 Stab: Distracted        |       |       |       |     2 ||     2
  Eat: Chunk             |     2 |     5 |    10 |     9 ||    26
Armor: Scale mail        |    48 |    35 |       |       ||    83
       Chain mail        |       |   143 |   298 |   156 ||   597
Dodge: Dodged            |    29 |    91 |   142 |   186 ||   448
Block: Kite shield       |    56 |   153 |   269 |   216 ||   694

Table legend:
 A = Non-vault XP
 B = Vault XP
 C = Vault XP percentage of total XP
 D = Non-vault monster count
 E = Vault monster count
 F = Vault count percentage of total count
                 A         B        C        D         E       F
            +---------+---------+-------+---------+---------+-------
      Total |    9571 |    3087 |  24.4 |     189 |      17 |   8.3
            +---------+---------+-------+---------+---------+-------
        D:1 |      10 |       0 |   0.0 |       6 |       0 |   0.0
        D:2 |      57 |       0 |   0.0 |      13 |       0 |   0.0
        D:3 |     133 |       0 |   0.0 |      22 |       0 |   0.0
        D:4 |     221 |     224 |  50.3 |      14 |       6 |  30.0
        D:5 |     734 |       0 |   0.0 |      21 |       0 |   0.0
        D:6 |     320 |     165 |  34.0 |       9 |       1 |  10.0
        D:7 |    1217 |     952 |  43.9 |      22 |       6 |  21.4
        D:8 |    1116 |     424 |  27.5 |      21 |       1 |   4.5
        D:9 |     786 |     335 |  29.9 |      18 |       2 |  10.0
       D:10 |     261 |     987 |  79.1 |       9 |       1 |  10.0
       D:11 |    4716 |       0 |   0.0 |      34 |       0 |   0.0
            +---------+---------+-------+---------+---------+-------
